AoeStats
← Rashad

Scandinavia

510295714Analyzed
1v1 RM · 2d ago on Sep 30, 2026· 44m 32s· 2 players
Game mode
Random Map
Map size
Tiny (2 player)
Population
200
Speed
Normal
Resources
Standard
Victory
Conquest
Starting age
Dark Age
Ending age
Imperial Age
RankedLock teamsTeams togetherTeam positionsShared explorationLock speedFull tech treeHidden civsTurbo modeCheats
Victory
Defeat
🇦🇺 Spanish · Australia
631
+15
🇳🇱 Tatars · Netherlands
613
-15
Rashad
4:39 Loom
10:40 Feudal Age
11:17 Double-Bit Axe
13:51 Horse Collar
19:08 Castle Age
18:00 Stone Mining
18:10 Town Watch
22:05 Bow Saw
35:41 Town Patrol
36:07 Fletching
Spanish Builder
4:38 Loom
13:38 Feudal Age
15:18 Fishing Lines
18:06 Castle Age
17:00 Double-Bit Axe
19:55 Gillnets
20:47 Bow Saw
21:10 Murder Holes
22:14 Ballistics
28:18 Bloodlines
34:25 Husbandry
41:38 Masonry
Connection lost

Rejoining the realm…

Still unreachable

The connection could not be restored.

Session expired

The server has moved on; the page needs a fresh start.